 Dungeon Crawl Stone Soup version 0.22-a0-596-gfbd32a6 (webtiles) character file.

324 EJ the Conjurer (level 6, -3/46 HPs)
             Began as a Barachi Conjurer on July 5, 2018.
             Was an Initiate of Okawaru.
             Killed by divine providence
             ... invoked by an orc priest
              (16 damage)
             ... on level 4 of the Dungeon.
             The game lasted 01:27:51 (3336 turns).

EJ the Conjurer (Barachi Conjurer)                  Turns: 3336, Time: 01:27:51

Health: -3/46      AC:  3    Str: 10    XL:     6   Next: 48%
Magic:  6/9        EV: 14    Int: 16    God:    Okawaru [......]
Gold:   221        SH:  0    Dex: 15    Spells: 7/11 levels left

rFire    . . .     SeeInvis .   y - +0 long sword (curse)
rCold    . . .     Gourm    .   (no shield)
rNeg     . . .     Faith    .   a - +0 robe
rPois    .         Spirit   .   (no helmet)
rElec    .         Reflect  .   s - +0 cloak
rCorr    .         Harm     .   (no gloves)
MR       .....                  (no boots)
Stlth    ++........             (no amulet)
HPRegen  0.15/turn              (no ring)
MPRegen  0.11/turn              (no ring)

@: slow
A: +LOS, swims, agile 1, low mp 1, slowness 1, MP-powered wands, strong legs 1
a: Hop, Renounce Religion


You were on level 4 of the Dungeon.
You worshipped Okawaru.
Okawaru was noncommittal.
You were not hungry.

You visited 1 branch of the dungeon, and saw 4 of its levels.

You collected 221 gold pieces.

Inventory:

Hand Weapons
 b - a +1 dagger of protection
 e - a +0 rapier
 o - a +0 hunting sling
 p - a +0 longbow
 y - a cursed +0 long sword (weapon)
 z - a +0 falchion
Missiles
 f - 50 arrows
 l - 16 bolts
 w - 3 tomahawks (quivered)
Armour
 a - a +0 robe (worn)
 i - a +0 leather armour
 n - a +0 scale mail
 s - a +0 cloak (worn)
Jewellery
 d - an uncursed ring of ice
 A - an uncursed ring of protection from fire {unknown}
Scrolls
 g - a scroll of identify
 q - 2 scrolls of teleportation {unknown}
 r - a scroll of enchant armour {unknown}
 v - a scroll of amnesia
Potions
 h - 2 potions of brilliance
 j - a potion of cancellation {unknown}
 k - a potion of heal wounds
 m - a potion of haste {unknown}
 t - a potion of invisibility
 u - a potion of curing
 x - a potion of berserk rage {unknown}
 B - a potion of lignification {unknown}
Comestibles
 c - 8 rations


   Skills:
 + Level 2.5 Fighting
 + Level 2.1 Short Blades
 * Level 2.9 Armour
 + Level 3.4 Dodging
 - Level 1.7 Stealth
 * Level 3.3 Spellcasting
 - Level 4.7 Conjurations
 * Level 2.1 Hexes
 + Level 0.5 Invocations


You had 7 spell levels left.
You knew the following spells:

 Your Spells              Type           Power        Failure   Level  Hunger
a - Magic Dart            Conj           ###.         2%          1    None
b - Dazzling Spray        Conj/Hex       ##....       13%         3    ###....

Your spell library contained the following spells:

 Spells                   Type           Power        Failure   Level  Hunger
 Iskenderun's Mystic Bla  Conj           ###.....     26%         4    ####...
 Fulminant Prism          Conj/Hex       ##........   41%         4    ####...
 Force Lance              Conj/Tloc      ##......     56%         4    ####...
 Searing Ray              Conj           ###...       3%          2    ##.....


Dungeon Overview and Level Annotations

Branches:
Dungeon (4/15)
 Temple: D:4-7

Altars:
Elyvilon
Gozag
Okawaru
Trog


Innate Abilities, Weirdness & Mutations

Shadows flee at your approach. (+LOS)
You can swim through water.
You cover ground slowly.
You can hop short distances.
You are agile. (Dex +2)
Your magical capacity is low. (-10% MP)
You expend magic power (3 MP) to strengthen your wands.


Message History

The orc priest calls down the wrath of Beogh upon you.
Beogh smites you! The orc misses you.
You hit the orc priest but do no damage.
The orc priest is moderately wounded.
The orc priest calls down the wrath of Beogh upon you.
Beogh smites you!
Wield which item (- for none, * to show all)? (? for menu, Esc to quit)
Your +1 dagger of protection goes still.
It sticks to your hand!
y - a cursed +0 long sword (weapon)
The orc hits you with a mace. The orc wizard hits you with a dagger.
* * * LOW HITPOINT WARNING * * *
The orc priest misses you.
Quiver which item? (- for none, * to show all) (? for menu, Esc to quit)
Okay, then.
The orc hits you with a mace.
* * * LOW HITPOINT WARNING * * *
The orc priest mumbles some strange prayers to Beogh against you.
Beogh smites you!
You die...

#.........#.#
#.........#.# .
#._.......#.#
..###########.........#..
.........................
......................###
......................#
#............##########
#####o@o#### #o### #. ..
... .... ..... ######


You could see an orc priest, an orc wizard and an orc.

Vanquished Creatures
  2 hounds (D:4)
  A bullfrog skeleton (D:4)
  Jessica (D:2)
  A worker ant (D:4)
  A gnoll (D:1)
  9 adders
  2 oozes
  3 worms
  A dart slug (D:2)
  3 leopard geckos
  3 orcs
  A ball python (D:1)
  9 bats
  2 giant cockroaches
  5 goblins
  7 hobgoblins
  2 jackals (D:2)
  11 kobolds
  2 quokkas
  6 frilled lizards
  6 rats
78 creatures vanquished.

Notes
Turn   | Place    | Note
-------+----------+-------------------------------------------
     0 | D:1      | EJ the Barachi Conjurer began the quest for the Orb.
     0 | D:1      | Reached XP level 1. HP: 13/13 MP: 3/3
   130 | D:1      | Reached XP level 2. HP: 20/20 MP: 1/5
   202 | D:1      | Reached skill level 1 in Fighting
   211 | D:1      | Reached XP level 3. HP: 26/26 MP: 1/6
   532 | D:1      | Reached skill level 1 in Armour
   615 | D:2      | Learned a level 3 spell: Dazzling Spray
   688 | D:2      | Reached skill level 1 in Short Blades
   921 | D:1      | Reached XP level 4. HP: 21/32 MP: 0/7
  1582 | D:2      | Noticed Jessica
  1596 | D:2      | Killed Jessica
  1596 | D:2      | Reached skill level 1 in Hexes
  1596 | D:2      | Reached XP level 5. HP: 27/38 MP: 5/9
  2111 | D:3      | Gained mutation: You expend magic power (3 MP) to strengthen your wands. [potion of mutation]
  2111 | D:3      | Gained mutation: Your magical capacity is low. (-10% MP) [potion of mutation]
  2111 | D:3      | Gained mutation: You are agile. (Dex +2) [potion of mutation]
  2159 | D:3      | Found an iron altar of Okawaru.
  2167 | D:3      | Became a worshipper of Warmaster Okawaru
  2265 | D:3      | Noticed a moth of wrath
  2268 | D:3      | Found a bloodstained altar of Trog.
  2837 | D:3      | Found an opulent altar of Gozag.
  3004 | D:4      | Reached XP level 6. HP: 41/45 MP: 4/9
  3168 | D:4      | Found a white marble altar of Elyvilon.
  3336 | D:4      | Killed from afar by an orc priest

Vault maps used:
D:1:      dpeg_arrival_round_b
D:2:      minmay_stone_trees_small, minmay_pentomino_r2, uniq_jessica
D:3:      lemuel_coloured_pillars_altar, tgw_trog, okawaru_ov_weapons_minmay
D:4:      overflow_temple_1_default, overflow_temple_1_default

Skill      XL: |  1  2  3  4  5  6 |
---------------+-------------------+-----
Fighting       | 1 2 |  2.5
Armour         | 1 2 |  2.9
Short Blades   | 1 2 |  2.1
Dodging        | 3 |  3.4
Hexes          | 1 2 |  2.1
Spellcasting   | 3 |  3.3
Stealth        | |  1.7
Conjurations   | |  4.7
Invocations    | |  0.5

Action                   |  1- 3 |  4- 6 || total
-------------------------+-------+-------++-------
Melee: Dagger            |    45 |   105 ||   150
 Cast: Magic Dart        |    62 |   124 ||   186
  Use: Scroll            |       |    11 ||    11
       Potion            |       |     1 ||     1
  Eat: Chunk             |     1 |     9 ||    10
Armor: Robe              |    19 |    42 ||    61
Dodge: Dodged            |    46 |   114 ||   160

Table legend:
 A = Spawn XP
 B = Non-spawn XP
 C = Spawn XP percentage of total XP
 D = Spawn monster count
 E = Non-spawn monster count
 F = Spawn count percentage of total count
 G = Total turns spent on level
                    A         B        C        D         E        F      G
               +---------+---------+-------+---------+---------+-------+---------
         Total |       0 |     464 |   0.0 |       0 |      78 |   0.0 |  3336
               +---------+---------+-------+---------+---------+-------+---------
           D:1 |       0 |      71 |   0.0 |       0 |      23 |   0.0 |   858
           D:2 |       0 |     141 |   0.0 |       0 |      29 |   0.0 |  1203
           D:3 |       0 |      68 |   0.0 |       0 |      18 |   0.0 |   911
           D:4 |       0 |     184 |   0.0 |       0 |       8 |   0.0 |   364
               +---------+---------+-------+---------+---------+-------+---------
